AoeStats
← ScotiusMaximus

Arabia

504572108Analyzed
1v1 RM · 26d ago on Sep 5, 2026· 58m 6s· 2 players
Game mode
Random Map
Map size
Tiny (2 player)
Population
200
Speed
Normal
Resources
Standard
Victory
Conquest
Starting age
Dark Age
Ending age
Imperial Age
RankedLock teamsTeams togetherTeam positionsShared explorationLock speedFull tech treeHidden civsTurbo modeCheats
Victory
Defeat
🇺🇸 Byzantines · United States
1048
+15
🇩🇪 Mongols · Germany
1032
-15
der Mondgulasch
5:02 Loom
6:41 Loom
8:55 Feudal Age
9:34 Double-Bit Axe
17:45 Wheelbarrow
21:07 Castle Age
20:25 Bloodlines
20:30 Gold Mining
21:56 Scale Barding Armor
27:07 Chain Barding Armor
26:58 Forging
28:02 Horse Collar
36:05 Hand Cart
38:34 Bow Saw
38:30 Heavy Plow
39:19 Iron Casting
45:58 Imperial Age
45:55 Town Watch
46:27 Murder Holes
46:14 Cavalier
50:22 Blast Furnace
49:05 Heavy Scorpion
50:52 Chemistry
ScotiusMaximus
7:32 Loom
9:56 Feudal Age
10:57 Man-at-Arms
16:07 Fletching
16:48 Double-Bit Axe
18:24 Horse Collar
20:00 Wheelbarrow
23:18 Castle Age
23:59 Gold Mining
24:11 Bodkin Arrow
23:38 Crossbowman
24:39 Scale Barding Armor
24:45 Forging
24:36 Padded Archer Armor
27:00 Scale Mail Armor
27:11 Squires
26:32 Pikeman
27:57 Gold Shaft Mining
29:30 Chain Mail Armor
30:57 Chain Barding Armor
38:42 Stone Mining
40:18 Arson
41:43 Iron Casting
44:00 Heavy Plow
44:12 Bow Saw
45:16 Hand Cart
47:32 Imperial Age
46:11 Leather Archer Armor
46:38 Stone Shaft Mining
48:36 Conscription
48:12 Capped Ram
48:41 Halberdier
49:46 Husbandry
49:30 Heavy Camel Rider
51:32 Plate Mail Armor
51:46 Plate Barding Armor
Connection lost

Rejoining the realm…

Still unreachable

The connection could not be restored.

Session expired

The server has moved on; the page needs a fresh start.